[Event "Late-Titled-Tuesday-Blitz-April-16-2024"]
[Site "Chess.com"]
[Date "2024.04.16"]
[Round "2"]
[White "ilm2034"]
[Black "NCchamp"]
[Result "1-0"]
[WhiteElo "2568"]
[BlackElo "2244"]
[TimeControl "180+1"]
[EndTime "14:15:11 PDT"]
[Termination "ilm2034 won by resignation"]

1. e4 c6 2. d4 d5 3. Nc3 dxe4 4.
Nxe4 Nf6 5. Nxf6+ exf6 6. Nf3 Bd6 7. c4 Na6 8. Be2 Bb4+ 9. Bd2 Bxd2+ 10. Qxd2 Nc7 11. O-O O-O 12. Rfe1 Bg4 13. Rad1 Qd7 14. Qf4 Bf5 15. Nh4 Bg6 16. Bg4 Qd8 17. Qg3 Re8 18.
Rxe8+ Nxe8 19. f4 h6 20. Nxg6 fxg6 21. Be6+ Kh7 22. h4 Nd6 23. c5 Nf5 24. Qd3 Ne7 25. h5 Qc7 26. hxg6+ Kh8 27. g3 Rd8 28. Qe4 b6 29. b4 a5 30. a3 axb4 31. axb4 bxc5 32. bxc5 Qa7 33. Kg2 Qa2+ 34. Bxa2 1-0

[Event "Late-Titled-Tuesday-Blitz-April-16-2024"]
[Site "Chess.com"]
[Date "2024.04.16"]
[Round "2"]
[White "Tolyanius"]
[Black "SantoBlue"]
[Result "0-1"]
[WhiteElo "2628"]
[BlackElo "3018"]
[TimeControl "180+1"]
[EndTime "14:15:14 PDT"]
[Termination "SantoBlue won by resignation"]

1. e4 d6 2. d4 Nf6 3. Nc3 e5 4.
dxe5 dxe5 5. Qxd8+ Kxd8 6. Bg5 c6 7. O-O-O+ Ke8 8. Bc4 Nbd7 9. f3 b5 10. Bb3 Bc5 11. a4 a6 12. Nge2 h6 13. Bd2 b4 14.
Na2 a5 15. Kb1 Ba6 16. Nac1 Nb6 17. Nd3 Bd6 18. Be3 Nbd7 19. c4 Ke7 20. Ng3 g6 21.
Rc1 c5 22. Rhf1 Bb7 23. Bd1 Rac8 24. b3 Nf8 25. Bc2 Ne6 26. Rce1 h5 27. f4 Ng4 28. f5 Nxe3 29. Re2 Nxf1 30. Nxf1 Nd4 31. Re3 Nxc2 32.
Kxc2 gxf5 33. Ng3 Bxe4 0-1

[Event "Late-Titled-Tuesday-Blitz-April-16-2024"]
[Site "Chess.com"]
[Date "2024.04.16"]
[Round "2"]
[White "combidharma"]
[Black "MaiqMaster"]
[Result "1-0"]
[WhiteElo "2821"]
[BlackElo "2407"]
[TimeControl "180+1"]
[EndTime "14:15:16 PDT"]
[Termination "combidharma won by resignation"]

1. d4 d5 2. c4 e6 3. g3 dxc4 4. Nf3 c5 5. Bg2 Nc6 6. Na3 cxd4 7. Nxc4 Bb4+ 8. Bd2 Bxd2+ 9. Qxd2 Nge7 10. O-O f6 11. b4 e5 12. b5 Nb8 13. e3 Be6 14. Rac1 dxe3 15. Nd6+ Kf8 16. fxe3 Nf5 17. Nxf5 Qxd2 18. Nxd2 g6 19. Bxb7 1-0

[Event "Late-Titled-Tuesday-Blitz-April-16-2024"]
[Site "Chess.com"]
[Date "2024.04.16"]
[Round "2"]
[White "eljanov"]
[Black "m_ezat"]
[Result "1-0"]
[WhiteElo "2899"]
[BlackElo "2585"]
[TimeControl "180+1"]
[EndTime "14:15:22 PDT"]
[Termination "eljanov won on time"]

1. e4 c6 2. d4 d5 3. exd5 cxd5 4. Nf3 Nc6 5. c3 Bg4 6. h3 Bh5 7. Qb3 Qd7 8. Ne5 Nxe5 9. dxe5 a6 10. c4 Rd8 11. Nc3 d4 12. Ne4 e6 13. Bg5 Rc8 14. Bd3 Bg6 15. O-O Nh6 16. Rfd1 Nf5 17. g4 h6 18. Bf6 1-0

[Event "Late-Titled-Tuesday-Blitz-April-16-2024"]
[Site "Chess.com"]
[Date "2024.04.16"]
[Round "2"]
[White "MFatigue"]
[Black "campochess"]
[Result "1-0"]
[WhiteElo "2555"]
[BlackElo "2214"]
[TimeControl "180+1"]
[EndTime "14:15:25 PDT"]
[Termination "MFatigue won by resignation"]

1. e4 c5 2. a3 e6 3. b4 b6 4. b5 Bb7 5. Nc3 Nf6 6. e5 Nd5 7. Nxd5 Bxd5 8. c4 Bb7 9. Bb2 d5 10. exd6 Qxd6 11. d4 cxd4 12. Qxd4 Qxd4 13. Bxd4 Nd7 14.
Nf3 f6 15. Be2 Bc5 16. Bxc5 Nxc5 17. O-O O-O 18. Rfd1 Rad8 19. Kf1 e5 20. Ke1 Kf7 21. a4 Ne4 22. a5 Nc3 23. Rxd8 Rxd8 24. axb6 axb6 25.
Ra7 Rd7 26. Nd2 Nxe2 27. Kxe2 Bf3+ 28. Kxf3 Rxa7 29. Ke4 Ke6 30. g4 g6 31. Kd3 f5 32.
gxf5+ gxf5 33. Kc3 Ra3+ 34. Kb4 Rd3 35. Nb3 Kd6 36.
h4 f4 37. Nc1 e4 38. Nxd3 exd3 39. Kc3 d2 40. Kxd2 Kc5 41. Kd3 h6 42. h5 Kd6 43.
Kd4 f3 44. Ke4 Kc5 45. Kd3 Kd6 46. Kd4 Ke6 47. c5 bxc5+ 48. Kxc5 1-0

[Event "Late-Titled-Tuesday-Blitz-April-16-2024"]
[Site "Chess.com"]
[Date "2024.04.16"]
[Round "2"]
[White "expii"]
[Black "VinzentSpitzl"]
[Result "0-1"]
[WhiteElo "2223"]
[BlackElo "2483"]
[TimeControl "180+1"]
[EndTime "14:15:34 PDT"]
[Termination "VinzentSpitzl won on time"]

1. e4 c5 2. Nf3 d6 3. d4 cxd4 4. Nxd4 Nf6 5. Nc3 a6 6. g3 e5 7. Nde2 Be7 8. Bg2 b5 9. a3 Bb7 10. O-O Nbd7 11. Be3 O-O 12. h3 Nb6 13. b3 Rc8 14.
Qd2 d5 15. Bxb6 Qxb6 16. exd5 Rfd8 17. Rad1 Bxa3 18. Qe3 Qxe3 19. fxe3 Bc5 20. Rd3 b4 21. Ne4 Nxe4 22. Bxe4 g6 23. g4 Bb6 24. c3 bxc3 25. Nxc3 Kg7 26. Na4 Ba7 0-1

[Event "Late-Titled-Tuesday-Blitz-April-16-2024"]
[Site "Chess.com"]
[Date "2024.04.16"]
[Round "2"]
[White "volcanoexplorer"]
[Black "Oleksandr_Bortnyk"]
[Result "0-1"]
[WhiteElo "2644"]
[BlackElo "3058"]
[TimeControl "180+1"]
[EndTime "14:15:38 PDT"]
[Termination "Oleksandr_Bortnyk won by resignation"]

1. e4 Nf6 2. e5 Nd5 3. c4 Nb6 4. d4 d6 5. exd6 exd6 6. Nc3 Be7 7. Bd3 O-O 8. Nge2 c6 9. O-O Na6 10. a3 d5 11. c5 Nd7 12. Qc2 g6 13. Bf4 Nc7 14. b4 Ne6 15. Be3 f5 16. Nf4 Nf6 17.
f3 Qc7 18. Qd2 Bd7 19. Rfe1 Rae8 20. Nxe6 Bxe6 21. Bh6 Bc8 22. Bxf8 Rxf8 23. Qe3 Bd8 24. Qe5 Qg7 25. b5 Bc7 26. Qe7 Rf7 27. Qe3 Bd7 28. Rab1 Nh5 29. bxc6 bxc6 30. Rb7 Bf4 31. Qf2 Qh6 32.
Nb1 Bxh2+ 33. Kf1 Ng3+ 34. Qxg3 Bxg3 0-1

[Event "Late-Titled-Tuesday-Blitz-April-16-2024"]
[Site "Chess.com"]
[Date "2024.04.16"]
[Round "2"]
[White "Vahe_Danielyan"]
[Black "LiemLe"]
[Result "0-1"]
[WhiteElo "2639"]
[BlackElo "3040"]
[TimeControl "180+1"]
[EndTime "14:15:38 PDT"]
[Termination "LiemLe won by resignation"]

1. d4 Nf6 2. c4 g6 3. Nc3 d5 4. cxd5 Nxd5 5. e4 Nxc3 6. bxc3 Bg7 7. Nf3 c5 8. Bb5+ Nd7 9. O-O O-O 10. Re1 a6 11. Bd3 b5 12. a4 b4 13. cxb4 cxb4 14. a5 Nc5 15. Bb2 Bg4 16. Bb1 Bxf3 17. gxf3 Ne6 18. e5 Rb8 19. Be4 Rb5 20. Bd3 Rxa5 21. Rxa5 Qxa5 22. Bc4 Qc7 23. Bxe6 fxe6 24. Qb3 Qc6 25.
Kg2 a5 26. Rc1 Qd5 27. Qe3 Bh6 28. Rc5 Bxe3 0-1

[Event "Late-Titled-Tuesday-Blitz-April-16-2024"]
[Site "Chess.com"]
[Date "2024.04.16"]
[Round "2"]
[White "LuisFSiles"]
[Black "Oleg_Papayan"]
[Result "1/2-1/2"]
[WhiteElo "2384"]
[BlackElo "2688"]
[TimeControl "180+1"]
[EndTime "14:15:40 PDT"]
[Termination "Game drawn by repetition"]

1. e4 d5 2. exd5 Qxd5 3. Nc3 Qd8 4. d4 c6 5. Nf3 Bf5 6. Bc4 e6 7. O-O Be7 8. Ne5 Nd7 9. Qe2 Nb6 10. Bd3 Bxd3 11.
Qxd3 Nf6 12. Bg5 O-O 13. Bxf6 Bxf6 14. Rad1 Bxe5 15. dxe5 Qxd3 16. Rxd3 Nc4 17. Rd7 b6 18. Rc7 c5 19. f4 Nxb2 20. Ne4 Rfc8 21. Rxc8+ Rxc8 22. Nd6 Rd8 23. Rf3 Kf8 24. Rb3 Nd1 25. Rd3 Nb2 26.
Rb3 Nd1 27. Rd3 Nb2 28. Rb3 1/2-1/2

[Event "Late-Titled-Tuesday-Blitz-April-16-2024"]
[Site "Chess.com"]
[Date "2024.04.16"]
[Round "2"]
[White "Anton_Demchenko"]
[Black "jsdbv18"]
[Result "1-0"]
[WhiteElo "2981"]
[BlackElo "2622"]
[TimeControl "180+1"]
[EndTime "14:15:46 PDT"]
[Termination "Anton_Demchenko won by resignation"]

1. e4 e6 2. d4 d6 3. Nc3 g6 4. f4 Bg7 5. Nf3 Ne7 6. Bd3 c5 7. dxc5 dxc5 8. e5 O-O 9. Qe2 Nbc6 10. Ne4 Nf5 11. c3 b6 12. Bd2 Qc7 13. g4 Nfe7 14. h4 Nd5 15. h5 Rd8 16. hxg6 hxg6 17. O-O-O a5 18. Rh3 Kf8 19. Rdh1 a4 20. Nfg5 a3 21. b3 Nxf4 22. Bxf4 Bxe5 23. Bxe5 Qxe5 24. Qf2 f5 25. Rh8+ 1-0

[Event "Late-Titled-Tuesday-Blitz-April-16-2024"]
[Site "Chess.com"]
[Date "2024.04.16"]
[Round "2"]
[White "carlsenCamacho"]
[Black "PedroGil25"]
[Result "1-0"]
[WhiteElo "2294"]
[BlackElo "2489"]
[TimeControl "180+1"]
[EndTime "14:15:47 PDT"]
[Termination "carlsenCamacho won by resignation"]

1. e4 c5 2. Nf3 e6 3. d3 Nc6 4. g3 g6 5. Bg2 Bg7 6. O-O Nge7 7.
Re1 d6 8. c3 e5 9. a4 O-O 10. Na3 h6 11. Nc4 Be6 12. Nfd2 f5 13. f4 exf4 14. gxf4 fxe4 15. Nxe4 Bf5 16. Ncxd6 Qc7 17.
Nxf5 Nxf5 18. Nxc5 Qb6 19. d4 Ncxd4 20. Nd7 Qd8 21.
Nxf8 Kxf8 22. cxd4 Bxd4+ 23. Kh1 Qh4 24. Bxb7 Qh3 25.
Ra3 1-0

[Event "Late-Titled-Tuesday-Blitz-April-16-2024"]
[Site "Chess.com"]
[Date "2024.04.16"]
[Round "2"]
[White "reevecanada"]
[Black "TheoSlade"]
[Result "1-0"]
[WhiteElo "2614"]
[BlackElo "2379"]
[TimeControl "180+1"]
[EndTime "14:15:50 PDT"]
[Termination "reevecanada won by resignation"]

1. e4 e5 2. Nf3 Nc6 3. d4 exd4 4.
Nxd4 Nf6 5. Nxc6 bxc6 6. e5 Qe7 7. Qe2 Nd5 8. c4 Ba6 9. b3 g6 10. Bb2 Bg7 11. g3 O-O 12. Bg2 Rae8 13. f4 f6 14. O-O fxe5 15. fxe5 Rxf1+ 16. Bxf1 Bxe5 17. Bxe5 Qxe5 18. Qxe5 Rxe5 19. Nd2 Nf6 20. Bd3 Re3 21. Bf1 d5 22. cxd5 Bxf1 23. Nxf1 Rc3 24. dxc6 Rxc6 25. Rd1 Kf7 26. Rd4 Ra6 27. a4 Rb6 28. Rc4 Nd5 29.
Rc5 Ke6 30. Nd2 Kd6 31. Rc1 Rb8 32. Nc4+ Kd7 33. Ne5+ Ke6 34. Nc6 Rxb3 35. Nd4+ 1-0

[Event "Late-Titled-Tuesday-Blitz-April-16-2024"]
[Site "Chess.com"]
[Date "2024.04.16"]
[Round "2"]
[White "Mikhail_Bryakin"]
[Black "chucksterf10"]
[Result "1-0"]
[WhiteElo "2874"]
[BlackElo "2577"]
[TimeControl "180+1"]
[EndTime "14:15:51 PDT"]
[Termination "Mikhail_Bryakin won by resignation"]

1. e4 g6 2. d4 Bg7 3. c3 d6 4.
Nf3 Nc6 5. Be3 e5 6. Bc4 Nf6 7. dxe5 dxe5 8. Qxd8+ Nxd8 9. Nbd2 O-O 10. h3 Re8 11.
O-O-O Be6 12. Bxe6 Nxe6 13. g3 a5 14. a4 b6 15. Rhe1 Nd7 16. Kc2 Ndc5 17. b3 Rad8 18.
h4 Nd3 19. Rf1 Nec5 20. Ne1 f5 21. Nxd3 Nxd3 22. f3 f4 23. Nc4 fxe3 24. Rxd3 Bh6 25.
Nxe3 Rf8 26. Nd5 Rf7 27. Ne7+ Rxe7 28. Rxd8+ 1-0

[Event "Late-Titled-Tuesday-Blitz-April-16-2024"]
[Site "Chess.com"]
[Date "2024.04.16"]
[Round "2"]
[White "Balla_Tamas"]
[Black "amanmuhammethommadov"]
[Result "0-1"]
[WhiteElo "2542"]
[BlackElo "2810"]
[TimeControl "180+1"]
[EndTime "14:15:52 PDT"]
[Termination "amanmuhammethommadov won by resignation"]

1. Nf3 Nf6 2. b3 g6 3. Bb2 Bg7 4. e3 O-O 5. c4 d6 6. Nc3 e5 7.
d4 e4 8. Nd2 Re8 9. Be2 h5 10.
O-O Nbd7 11. Re1 Nf8 12. f3 exf3 13. Bxf3 N8h7 14. e4 Ng5 15. Nd5 c6 16. Nxf6+ Bxf6 17. Qe2 c5 18. Qd3 Ne6 19. e5 dxe5 20. d5 Nd4 21. Ne4 Bf5 22. Qe3 Bg7 23. Rac1 b6 24. Ng5 Bh6 25. h4 f6 26. d6 fxg5 27. Bd5+ Kh7 28.
Bxa8 Qxa8 29. hxg5 Bg7 30. b4 Qc6 31. bxc5 bxc5 32. Ba3 Qxd6 33. Qc3 Qc7 34. Rb1 Bxb1 35. Rxb1 Ne2+ 0-1

[Event "Late-Titled-Tuesday-Blitz-April-16-2024"]
[Site "Chess.com"]
[Date "2024.04.16"]
[Round "2"]
[White "RebecaJimnz"]
[Black "Narek_Ghimoyan"]
[Result "0-1"]
[WhiteElo "2248"]
[BlackElo "2501"]
[TimeControl "180+1"]
[EndTime "14:15:53 PDT"]
[Termination "Narek_Ghimoyan won by checkmate"]

1. e4 e6 2. d4 d5 3. Nc3 Nf6 4. Bg5 Be7 5. e5 Nfd7 6. h4 c5 7. dxc5 Nc6 8. Nb5 Ndxe5 9. Nd6+ Kf8 10. Nf3 Qa5+ 11. c3 Qxc5 12. Nb5 a6 13. Nbd4 Nxf3+ 14. Nxf3 f6 15. Be3 Qa5 16. h5 e5 17. h6 g6 18. Be2 Be6 19. Kf1 Kf7 20. Kg1 Rhd8 21. Nh4 d4 22. cxd4 Nxd4 23. Bd3 e4 24. Bxe4 f5 25. Bd3 Rac8 26. Rc1 Rxc1 27. Qxc1 Bxh4 28.
Rxh4 Nf3+ 29. gxf3 Rxd3 30. Qc2 Qd5 31. Bg5 Qxf3 32. Qc7+ Rd7 33. Qg3 Rd1+ 34. Kh2 Rh1# 0-1

[Event "Late-Titled-Tuesday-Blitz-April-16-2024"]
[Site "Chess.com"]
[Date "2024.04.16"]
[Round "2"]
[White "GiorgianBarbosa"]
[Black "zano2023"]
[Result "1-0"]
[WhiteElo "2455"]
[BlackElo "2154"]
[TimeControl "180+1"]
[EndTime "14:15:54 PDT"]
[Termination "GiorgianBarbosa won by resignation"]

1. d4 e5 2. dxe5 d6 3. exd6 Bxd6 4. Nf3 Bg4 5. g3 Nc6 6. Bg2 Qe7 7. O-O O-O-O 8.
Nbd2 Nf6 9. c3 g5 10. Qc2 h6 11. Nc4 Bc5 12. Be3 Be6 13. Bxc5 Qxc5 14. Ne3 Ng4 15.
Nxg4 Bxg4 16. e3 Bf5 17. Qb3 Be6 18. Qc2 Bf5 19. Qa4 Kb8 20. Nd4 Bd7 21. Nxc6+ Bxc6 22. Bxc6 Qxc6 23. Qxc6 bxc6 24. Rad1 c5 25. Kg2 f5 26. Kf3 Rhe8 27. Ke2 c6 28. Rxd8+ Rxd8 29. Rd1 Rd5 30. c4 Rxd1 31. Kxd1 Kc7 32. f3 Kd6 33. Ke2 Ke5 34. h3 h5 35. Kd3 a6 36. f4+ gxf4 37. exf4+ Kf6 38. Ke3 Ke6 39. Kf3 Kf6 40. g4 fxg4+ 41.
hxg4 hxg4+ 42. Kxg4 Kg6 43. f5+ Kf6 44. Kf4 a5 45. Ke4 a4 46. Kf4 Ke7 47. Ke5 Kd7 48.
f6 1-0

[Event "Late-Titled-Tuesday-Blitz-April-16-2024"]
[Site "Chess.com"]
[Date "2024.04.16"]
[Round "2"]
[White "Agent-JL"]
[Black "tptagain"]
[Result "0-1"]
[WhiteElo "2604"]
[BlackElo "2941"]
[TimeControl "180+1"]
[EndTime "14:15:55 PDT"]
[Termination "tptagain won by resignation"]

1. e4 Nc6 2. d4 e5 3. d5 Nce7 4. c4 Ng6 5. g3 Nf6 6. Nc3 Bb4 7. Bg2 Bxc3+ 8. bxc3 d6 9. a4 a5 10. h3 O-O 11. Nf3 Nxe4 12. Qc2 Nc5 13. Be3 b6 14. O-O Ba6 15. Nd2 f5 16. f4 exf4 17.
Bxf4 Nxf4 18. Rxf4 Qg5 19. Kh2 Rae8 20. Nf3 Qf6 21.
Nd4 g6 22. Bf1 Bc8 23. Ra2 Bd7 24. Bd3 Re3 25. Rf3 Rxf3 26. Nxf3 f4 27. g4 Re8 28. Nd4 Re3 29. Bf1 Ne4 30. Bd3 Qh4 31. Bxe4 Qxh3+ 32. Kg1 Re1+ 0-1

[Event "Late-Titled-Tuesday-Blitz-April-16-2024"]
[Site "Chess.com"]
[Date "2024.04.16"]
[Round "2"]
[White "StopLookingAtMyProfile"]
[Black "dvglko"]
[Result "1-0"]
[WhiteElo "2339"]
[BlackElo "2513"]
[TimeControl "180+1"]
[EndTime "14:15:55 PDT"]
[Termination "StopLookingAtMyProfile won by resignation"]

1. e4 c6 2. d4 d5 3. e5 Bf5 4. h4 h6 5. g4 Be4 6. f3 Bh7 7. e6 Qd6 8. exf7+ Kxf7 9. f4 Be4 10. Nf3 Nf6 11. Bh3 Bxf3 12. Qxf3 Qe6+ 13. Be3 Qe4 14.
Nd2 Qxf3 15. Nxf3 Nbd7 16. O-O e6 17. Ne5+ Ke8 18. Ng6 Rh7 19. g5 hxg5 20. fxg5 Ne4 21. Bxe6 Bd6 22. Bg8 Rh5 23. Bf7+ Kd8 24. Rf3 Kc7 25. Kg2 Rh7 26. Raf1 Bg3 27. Rxg3 Nxg3 28. Kxg3 Nf8 29. Bg8 1-0

[Event "Late-Titled-Tuesday-Blitz-April-16-2024"]
[Site "Chess.com"]
[Date "2024.04.16"]
[Round "2"]
[White "Ykow"]
[Black "familijatop71"]
[Result "1-0"]
[WhiteElo "2519"]
[BlackElo "2306"]
[TimeControl "180+1"]
[EndTime "14:15:56 PDT"]
[Termination "Ykow won on time"]

1. e4 d5 2. exd5 Qxd5 3. Nc3 Qa5 4. b4 Qxb4 5. Nb5 Qa5 6. Bc4 Nf6 7. Bb2 Nbd7 8. Nf3 c6 9. Nbd4 Ne5 10. Bb3 Bg4 11. h3 Nxf3+ 12. Nxf3 Bh5 13. O-O e6 14. Qe2 Be7 15.
Rae1 Bxf3 16. Qxf3 O-O 17. d3 Rad8 18. Re5 Qc7 19. Rg5 h6 20. Rg3 Kh7 21. Re1 Rg8 22.
Be5 Bd6 23. Bxf6 Bxg3 24. Bxd8 Bxf2+ 25. Qxf2 Rxd8 26. d4 Qd6 27. c3 Qe7 28. Rf1 f6 29. Qe3 c5 30. Bxe6 1-0

[Event "Late-Titled-Tuesday-Blitz-April-16-2024"]
[Site "Chess.com"]
[Date "2024.04.16"]
[Round "2"]
[White "Fengwi"]
[Black "Cuchulin"]
[Result "0-1"]
[WhiteElo "2447"]
[BlackElo "2210"]
[TimeControl "180+1"]
[EndTime "14:15:56 PDT"]
[Termination "Cuchulin won on time"]

1. e4 c5 2. Nf3 Nc6 3. Bb5 g6 4. O-O Bg7 5. Nc3 Nf6 6. e5 Ng4 7. Bxc6 bxc6 8. Re1 O-O 9. h3 Nh6 10. d3 d6 11. Bf4 Nf5 12. Ne4 h5 13. Qd2 Be6 14.
Nfg5 Bd5 15. c4 Bxe4 16. dxe4 Nd4 17. exd6 exd6 18. Be3 Re8 19. Rad1 Qf6 20. b4 Rab8 21. bxc5 dxc5 22. f4 Red8 23. e5 Qe7 24. Qf2 f6 25. exf6 Qxf6 26. Ne4 Qf8 0-1

[Event "Late-Titled-Tuesday-Blitz-April-16-2024"]
[Site "Chess.com"]
[Date "2024.04.16"]
[Round "2"]
[White "arturdailima"]
[Black "Jagerrmeisterr"]
[Result "1-0"]
[WhiteElo "2413"]
[BlackElo "2724"]
[TimeControl "180+1"]
[EndTime "14:15:58 PDT"]
[Termination "arturdailima won by resignation"]

1. d4 Nf6 2. Nf3 b5 3. e3 a6 4. a4 b4 5. Bd3 Bb7 6. O-O e6 7. Nbd2 d6 8. b3 Nbd7 9. Bb2 g5 10. Nxg5 Rg8 11. Nge4 Nd5 12. Ng3 Qh4 13. Qh5 Qxh5 14.
Nxh5 Nxe3 15. fxe3 Rxg2+ 16. Kh1 Rg5+ 17. Be4 Bxe4+ 18.
Nxe4 Rxh5 19. Nf6+ Nxf6 20. Rxf6 Be7 21. Rg1 Bxf6 22.
Rg8+ Kd7 23. Rxa8 a5 24. Rf8 Ke7 25. Rc8 c5 26. Rc7+ Kf8 27. Ra7 cxd4 28. Bxd4 Bxd4 29. exd4 Rd5 30. Kg2 Rxd4 31. Rxa5 Rd2+ 32. Kg1 Rxc2 33.
Rb5 d5 34. Rxb4 e5 35. Rb5 Rd2 36. a5 e4 37. a6 d4 38. a7 Rd1+ 39. Kf2 Rd2+ 40.
Ke1 Rxh2 41. a8=Q+ Kg7 42. Qxe4 1-0

[Event "Late-Titled-Tuesday-Blitz-April-16-2024"]
[Site "Chess.com"]
[Date "2024.04.16"]
[Round "2"]
[White "bascheyaro"]
[Black "N18player"]
[Result "1-0"]
[WhiteElo "2831"]
[BlackElo "2547"]
[TimeControl "180+1"]
[EndTime "14:16:04 PDT"]
[Termination "bascheyaro won by resignation"]

1. d4 Nf6 2. c4 g6 3. Nc3 Bg7 4. Bf4 d6 5. e3 O-O 6. h3 c5 7.
Nf3 cxd4 8. exd4 d5 9. c5 Nc6 10. Be2 b6 11. cxb6 axb6 12. O-O Ne4 13. Nb5 Ba6 14. a3 Rc8 15. Rc1 h6 16. Be3 f5 17.
Qa4 Bb7 18. Na7 Nxa7 19. Qxa7 Rxc1 20. Rxc1 Ba8 21. Bf4 g5 22. Bc7 Qe8 23. Qxb6 g4 24. Qe6+ Kh8 25. Be5 gxf3 26. Qxh6+ 1-0

[Event "Late-Titled-Tuesday-Blitz-April-16-2024"]
[Site "Chess.com"]
[Date "2024.04.16"]
[Round "2"]
[White "yuriydovzik"]
[Black "prochn"]
[Result "1-0"]
[WhiteElo "2135"]
[BlackElo "2428"]
[TimeControl "180+1"]
[EndTime "14:16:09 PDT"]
[Termination "yuriydovzik won by resignation"]

1. a3 d5 2. Nf3 c5 3. b4 c4 4. Bb2 Bf5 5. d3 cxd3 6. cxd3 e6 7. h3 Nf6 8. g4 Bg6 9. Bg2 Bd6 10. Nbd2 Nc6 11.
O-O a6 12. Rc1 O-O 13. Nb3 Nd7 14. Nc5 Bb8 15. Nxb7 Qc7 16. Na5 Be4 17. Nxc6 Qf4 18. Nxb8 1-0

[Event "Late-Titled-Tuesday-Blitz-April-16-2024"]
[Site "Chess.com"]
[Date "2024.04.16"]
[Round "2"]
[White "David_ATM"]
[Black "Mihajlovskij"]
[Result "1-0"]
[WhiteElo "2476"]
[BlackElo "2192"]
[TimeControl "180+1"]
[EndTime "14:16:15 PDT"]
[Termination "David_ATM won by checkmate"]

1. e4 c6 2. Nc3 d5 3. Nf3 Nf6 4. exd5 Nxd5 5. Nxd5 Qxd5 6. d4 Bg4 7. Be2 e6 8. O-O Na6 9. Bf4 Bxf3 10. Bxf3 Qd7 11. c3 Bd6 12. Bxd6 Qxd6 13. Re1 O-O 14. Qb3 Qd7 15. Be4 Rab8 16. Re3 Nc7 17. Rh3 g6 18. Re1 Ne8 19. Qd1 Nf6 20. Qf3 Kg7 21. Qf4 h5 22. Qe5 Qe7 23. Ree3 Kg8 24. Qg5 Nd5 25. Qh6 Nf6 26.
Reg3 Qe8 27. Bxg6 fxg6 28. Rxg6+ Kf7 29. Rg7# 1-0

[Event "Late-Titled-Tuesday-Blitz-April-16-2024"]
[Site "Chess.com"]
[Date "2024.04.16"]
[Round "2"]
[White "Abund"]
[Black "Nemsko"]
[Result "1-0"]
[WhiteElo "2808"]
[BlackElo "2433"]
[TimeControl "180+1"]
[EndTime "14:16:16 PDT"]
[Termination "Abund won by resignation"]

1. e4 e5 2. Nf3 Nc6 3. Bb5 a6 4. Ba4 Nf6 5. d3 b5 6. Bb3 Be7 7. Nc3 d6 8. a4 b4 9. Nd5 O-O 10. a5 Nd4 11. Nxd4 exd4 12. Nxe7+ Qxe7 13. Bg5 h6 14. Bh4 Be6 15. Ba4 c5 16. O-O Ra7 17. f4 Bd7 18. Bb3 Re8 19. Qf3 Bc6 20. Rae1 Qf8 21. Bxf6 gxf6 22. Qh5 Kh7 23. Rf3 Rae7 24. Qf5+ Kh8 25.
Rg3 Re6 26. Bxe6 fxe6 27. Qg6 Re7 28. Rf1 Be8 29. Qg4 Rh7 30. Qxe6 1-0

[Event "Late-Titled-Tuesday-Blitz-April-16-2024"]
[Site "Chess.com"]
[Date "2024.04.16"]
[Round "2"]
[White "Chess_Star1234"]
[Black "HanSchut"]
[Result "1-0"]
[WhiteElo "2528"]
[BlackElo "2320"]
[TimeControl "180+1"]
[EndTime "14:16:18 PDT"]
[Termination "Chess_Star1234 won by resignation"]

1. d4 Nf6 2. c4 g6 3. Nc3 d5 4. Nf3 Bg7 5. Bf4 O-O 6. e3 c5 7. dxc5 Qa5 8. Rc1 dxc4 9. Bxc4 Qxc5 10. Bb3 Nc6 11. O-O Qh5 12. h3 Rd8 13. Qe2 e5 14.
Bh2 Bf5 15. Nxe5 Qxe2 16. Nxe2 Nxe5 17. Bxe5 Rd2 18. Nd4 Bd7 19. Rc7 Be8 20. Rxb7 Rxb2 21. Bxf7+ Bxf7 22. Rxb2 Nd5 23. Bxg7 Kxg7 24. Rb7 Kf6 25.
Rc1 h5 26. Rc6+ Kg7 27. Rd6 Nb6 28. Nb5 Kg8 29. Rxa7 Rb8 30. Nd4 Nc8 31. Rd8+ Kg7 32. Kh2 1-0

[Event "Late-Titled-Tuesday-Blitz-April-16-2024"]
[Site "Chess.com"]
[Date "2024.04.16"]
[Round "2"]
[White "Durarbayli"]
[Black "AlphaGoosee"]
[Result "1-0"]
[WhiteElo "2882"]
[BlackElo "2580"]
[TimeControl "180+1"]
[EndTime "14:16:19 PDT"]
[Termination "Durarbayli won by checkmate"]

1. e4 c5 2. Nf3 d6 3. d4 cxd4 4.
Nxd4 Nf6 5. Nc3 a6 6. Be2 g6 7. Be3 Bg7 8. Qd2 h5 9. O-O-O b5 10. e5 Ng4 11. Bf3 Nxe3 12. fxe3 Ra7 13. e6 O-O 14. exf7+ Kh8 15. Qd3 Rxf7 16. Qxg6 Rf6 17. Qxh5+ Rh6 18.
Qg5 Qf8 19. Rdf1 Bf6 20. Bd5 e5 21. Ne4 Bxg5 22. Rxf8+ Kg7 23. Rg8+ Kh7 24. Nxg5# 1-0

[Event "Late-Titled-Tuesday-Blitz-April-16-2024"]
[Site "Chess.com"]
[Date "2024.04.16"]
[Round "2"]
[White "KaydenTroffChess"]
[Black "Akhayan"]
[Result "1-0"]
[WhiteElo "2863"]
[BlackElo "2408"]
[TimeControl "180+1"]
[EndTime "14:16:19 PDT"]
[Termination "KaydenTroffChess won by resignation"]

1. d4 Nf6 2. Nf3 g6 3. Bg5 Bg7 4. Nc3 d5 5. Bxf6 Bxf6 6. e4 dxe4 7. Nxe4 Bg7 8. c3 O-O 9. Bc4 b6 10. O-O Bb7 11. Re1 Nd7 12. Qb3 c5 13. Nfg5 e6 14.
Nxf7 Rxf7 15. Bxe6 cxd4 16. cxd4 Bxe4 17. Bxf7+ Kf8 18.
Rxe4 Nf6 19. Re3 Qxd4 20. Rd1 Qg4 21. Be6 Qh5 22. Rf3 Re8 23. Rd5 Rxe6 24. Qb4+ Kg8 25. Rxh5 gxh5 26. Qc4 Kf7 27. Re3 1-0

[Event "Late-Titled-Tuesday-Blitz-April-16-2024"]
[Site "Chess.com"]
[Date "2024.04.16"]
[Round "2"]
[White "hikeman2017"]
[Black "Eloist"]
[Result "0-1"]
[WhiteElo "2193"]
[BlackElo "2476"]
[TimeControl "180+1"]
[EndTime "14:16:20 PDT"]
[Termination "Eloist won by resignation"]

1. e4 e6 2. d4 d5 3. Nd2 c5 4. dxc5 Bxc5 5. Bd3 Nc6 6. Ngf3 Nf6 7.
Qe2 O-O 8. e5 Nd7 9. O-O f6 10.
exf6 Qxf6 11. c4 Nde5 12. Nxe5 Nxe5 13. Rb1 Bd7 14. b4 Nxd3 15. Qxd3 Bxf2+ 16. Kh1 Qd4 17. Qxd4 Bxd4 18. Rxf8+ Rxf8 19. cxd5 exd5 20. Nf3 Bf5 21. Rb3 Bc2 22. Ra3 Be4 23. Be3 Bxe3 24. Rxe3 Rc8 25. Kg1 Rc2 26. Ra3 a6 27. b5 d4 28.
Nxd4 Rxg2+ 29. Kf1 Rd2 30. Nb3 Rxh2 31. bxa6 bxa6 32. Rxa6 Bd3+ 0-1

[Event "Late-Titled-Tuesday-Blitz-April-16-2024"]
[Site "Chess.com"]
[Date "2024.04.16"]
[Round "2"]
[White "SharathRk6"]
[Black "chessisveryfun1264"]
[Result "0-1"]
[WhiteElo "2391"]
[BlackElo "2743"]
[TimeControl "180+1"]
[EndTime "14:16:23 PDT"]
[Termination "chessisveryfun1264 won by resignation"]

1. e4 e6 2. d4 d5 3. e5 c5 4. c3 Nc6 5. Nf3 Qb6 6. Be2 cxd4 7. cxd4 Nge7 8. Na3 Nf5 9. Nc2 Bd7 10. O-O Be7 11. Be3 Nb4 12. Nxb4 Bxb4 13. a3 Be7 14. b4 Bb5 15. g4 Nh6 16. Bxh6 gxh6 17. Kh1 O-O-O 18. Bxb5 Qxb5 19. a4 Qxb4 20. Rb1 Qa5 21. Qb3 Qa6 22. Rfc1+ Kb8 23. h3 Rc8 24. Kg2 Rc6 25. Rxc6 Qxc6 26. Ne1 Rc8 27. Nd3 Rc7 28. Rc1 Qb6 29. Qxb6 axb6 30.
Kf3 Rxc1 31. Nxc1 Ka7 32. Ke3 Ka6 33. Nb3 b5 34. axb5+ Kxb5 35. Kd3 Kb4 36. Kc2 b6 37. f4 Bh4 38. f5 Kc4 39. Nd2+ Kb4 40. Nf3 Bf2 41. h4 Kc4 42. fxe6 fxe6 43. h5 Bxd4 44. g5 hxg5 45. Nxg5 Bxe5 46. Nxe6 d4 47. Ng5 d3+ 48.
Kd1 b5 49. Nxh7 b4 50. Ng5 b3 51. Nf3 b2 52. Nd2+ Kb4 53. Nb1 Kb3 54. h6 Ka2 55.
Nd2 Bh8 56. h7 Bg7 57. Ke1 Bh8 58. Kd1 Bc3 59. h8=Q Bxh8 0-1